Cogmind - Beta 16.1 @@@ ROGUE MODE // 2026.02.20 @ 12:26:11 Player: Ceorik Result: Destroyed by Q1-DQ4(g) with Salvaging Laser Performance ------------- Evolutions (0) 0 Regions Visited (3) 600 Robots Destroyed (14) 70 Value Destroyed (320) 320 Prototype IDs (0) 0 Alien Tech Used (0) 0 Bonus (793) 793 TOTAL SCORE: 1783 Bonus ------- Registered with UFD 300 Met Optimus in HQ 500 Friendly Fire -7 Cogmind --------- Core Integrity 0/250 Matter 300/300 Energy 310/310 System Corruption 0% Temperature Cool (6) Movement Treading (160) Location -9/Scraptown Parts ------- > --- POWER (1) -------- Fission Core > --- PROPULSION (2) --- Improved Treads Improved Treads > --- UTILITY (2) ------ Large Storage Unit Weight Redist. System > --- WEAPON (2) ------- Overtuned Railgun Powered Hammer > --- INVENTORY (15) --- Improved Ion Engine Overtuned Treads Scrap Suit Improved Targeting Computer Improved Targeting Computer ECM Suite Improved Core Shielding Hardened Heavy Armor Plating Improved Medium Armor Plating Improved System Shield Overtuned Pulse Rifle Overtuned Coil Gun DRS Beacon (Ready) Peak State ------------ > --- POWER ------------ Fission Core > --- PROPULSION ------- Improved Treads Overtuned Treads > --- UTILITY ---------- Scrap Suit > --- WEAPON ----------- Overtuned Coil Gun Overtuned Railgun > --- INVENTORY -------- Improved Targeting Computer Improved Medium Armor Plating Improved System Shield Powered Hammer DRS Beacon [Rating: 34] Favorites ----------- Power Fission Core Engine Ion Engine Power Core Fission Core Propulsion Improved Treads Treads Improved Treads Leg Aluminum Leg Hover Unit Improved Hover Unit Utility Small Storage Unit Device Scrap Suit Storage Small Storage Unit Processor Signal Interpreter Weapon Powered Hammer Energy Gun Overtuned Pulse Rifle Ballistic Gun Overtuned Railgun Launcher Grenade Launcher Special Weapon Mining Laser Impact Weapon Powered Hammer Build | -11 -10 -10 -9 ------- Run | Yrd Mat Sub Scr Slots Evolved . | . . . . Power . | . . . . Propulsion . | . . . . Utility . | . . . . Weapon . | . . . . Parts Attached 31 | 6 1 7 17 Power 5 | 1 . 2 2 Engine 4 | 1 . 2 1 Core 1 | . . . 1 Reactor . | . . . . Propulsion 7 | 2 . . 5 Treads 4 | . . . 4 Leg 2 | 2 . . . Wheel . | . . . . Hover 1 | . . . 1 Flight . | . . . . Utility 6 | 1 1 . 4 Device 3 | . . . 3 Storage 2 | 1 . . 1 Processor 1 | . 1 . . Hackware . | . . . . Protection . | . . . . Artifact . | . . . . Weapon 13 | 2 . 5 6 Energy Gun 1 | . . . 1 Energy Cannon . | . . . . Ballistic Gun 8 | 2 . 3 3 Ballistic Cannon . | . . . . Launcher 1 | . . 1 . Special Weapon 1 | . . 1 . Impact Weapon 2 | . . . 2 Slashing Weapon . | . . . . Piercing Weapon . | . . . . Special Melee Weapon . | . . . . Unidentified Prototypes . | . . . . Parts Lost 4 | . . 4 . Power 2 | . . 2 . Propulsion . | . . . . Utility . | . . . . Weapon 2 | . . 2 . Highest Loss Streak 3 | . . 3 . To Critical Strikes . | . . . . Average Backups 5 | . 5 4 5 Power . | . 1 1 . Propulsion . | . . . . Utility 2 | . 1 1 3 Weapon 1 | . 3 1 1 Tool/Special . | . . . . Unused Backups 15 | . . . 15 Power 2 | . . . 2 Propulsion . | . . . . Utility 13 | . . . 13 Weapon . | . . . . Tool/Special . | . . . . Average Slot Usage (%) 89 | . 89 94 87 Engine 2 | . 14 9 . Core 9 | . . . 12 Treads 18 | . . . 25 Leg 7 | . 28 28 . Device 5 | . . . 7 Storage 10 | . 14 14 9 Processor 7 | . 4 14 6 Ballistic Gun 13 | . 28 20 10 Impact Weapon 9 | . . . 12 Peak Build Rating 34 | 6 7 10 34 Average Rating 18 | 5 6 7 22 On Entrance 5 | . 6 7 10 Avg Prop Armor Cover (%) . | . . . . Naked Turns . | . . . . Heaviest Build 41 | 13 13 14 41 Greatest Support 52 | 20 20 20 52 Greatest Overweight (x) 2 | . . . 2 Average Overweight (x) . | . . . . Largest Inventory Capacity 15 | 8 8 8 15 Average Capacity 8 | 7 8 8 8 Most Carried 15 | 3 7 8 15 Average Carried 6 | . 5 7 6 Final Capacity 15 | 8 8 8 15 Final Carried 15 | 3 7 8 15 Scrap Suit Usage (%) 2 | . . . 3 Parts Cannibalized 1 | . . . 1 Class Distribution -------------------- 80% | Mutant 19% | Scrapper Dominant Class ---------------- Mutant | -10/Materials Mutant | -10/Subcaves Mutant | -9/Scraptown Resources | -11 -10 -10 -9 ----------- Run | Yrd Mat Sub Scr Matter Collected 844 | 286 92 232 234 Remotely . | . . . . Salvage Created 396 | 117 152 127 . Parts 26 | 3 10 13 . Haulers Intercepted . | . . . . Recyclers Shooed 1 | 1 . . . Parts Field Recycled . | . . . . Retrieved Matter . | . . . . Parts Self-Destructed 16 | . . 16 . Prevented . | . . . . Parts Restored . | . . . . Kills | -11 -10 -10 -9 ------- Run | Yrd Mat Sub Scr Combat Hostiles Destroyed 12 | . 7 5 . Guns 11 | . 7 4 . AOE 1 | . . 1 . Classes Destroyed 5 | 2 2 1 . Tunneler 1 | 1 . . . Recycler 1 | 1 . . . Swarmer 6 | . 6 . . Grunt 1 | . 1 . . Subdweller 5 | . . 5 . Best Kill Streak 3 | 1 3 2 . Combat Bots Only 3 | . 3 2 . Max Kills in Single Turn 1 | 1 1 1 . Gunslinging . | . . . . Exploded 1 | . . 1 . Melee . | . . . . Uniques/NPCs Destroyed . | . . . . Combat | -11 -10 -10 -9 -------- Run | Yrd Mat Sub Scr Hostile Shots Fired 104 | . 34 35 35 Missed 38 | . 12 14 12 Hits 66 | . 22 21 23 Melee 1 | . . . 1 Projectile 65 | . 22 21 22 AOE 1 | . 1 . . Critical Strikes 4 | . 1 1 2 Damage Taken 1117 | . 329 472 316 Core 258 | . 101 84 73 Absorbed by Shields . | . . . . Regen/Repaired (Parts) 10 | . . . 10 Core Remaining (%) 100 | 100 . . . Volleys Fired 71 | 9 18 44 . Largest 2 | 2 2 2 . Hottest 100 | 40 40 100 . Shots Fired 123 | 18 36 69 . Gun 96 | 18 36 42 . Cannon . | . . . . Launcher 8 | . . 8 . Special 19 | . . 19 . Kinetic 96 | 18 36 42 . Thermal 19 | . . 19 . Explosive 8 | . . 8 . Electromagnetic . | . . . . Robot Hit Streak 14 | 2 4 14 . Robot Miss Streak 3 | 3 2 2 . Penetration Max . | . . . . Secondary Targets . | . . . . Shots Hit Robots 66 | 7 22 33 4 Core Hits 27 | 3 12 12 . Critical Kills . | . . . . Critical Parts Destroyed . | . . . . Critical Strikes . | . . . . Melee Attacks 7 | . . . 7 Impact 7 | . . . 7 Slashing . | . . . . Piercing . | . . . . Sneak Attacks . | . . . . Combat Hostiles . | . . . . Follow-up Attacks . | . . . . Damage Inflicted 1011 | 74 223 561 153 Guns 595 | 74 223 298 . Cannons . | . . . . Explosions 263 | . . 263 . Melee 153 | . . . 153 Ramming . | . . . . Kinetic 595 | 74 223 298 . Thermal . | . . . . Explosive 263 | . . 263 . Electromagnetic . | . . . . Impact 153 | . . . 153 Slashing . | . . . . Piercing . | . . . . Highest Corruption 2 | . 2 2 2 Average Corruption 1 | . 2 2 1 Corruption Purged 2 | . . . 2 Corruption Blocked . | . . . . Effects 27 | . 2 19 6 Message Errors 7 | . . 3 4 Matter Fused 3 | . . 3 . Energy Discharges 5 | . . 5 . Data Loss (minor) 6 | . 2 3 1 Data Loss (major) 1 | . . 1 . Misfires 1 | . . 1 . Alerts 4 | . . 3 1 Overload Shots . | . . . . Overflow Damage 84 | . . 1 83 Projectiles . | . . . . Explosions 1 | . . 1 . Melee 83 | . . . 83 Knockbacks 2 | . . . 2 Impact 1 | . . . 1 Kinetic . | . . . . Secondary 1 | . . . 1 Self-Inflicted Damage 40 | . . 40 . Shots 2 | . . 2 . Rammed . | . . . . Targets Rammed . | . . . . Kicked . | . . . . Crushed . | . . . . Highest Temperature 46 | . 9 . 46 Average Temperature 15 | . 7 . 21 Received Heat Transfer 296 | . 39 93 164 Siege Activations . | . . . . Martial Activations . | . . . . Shielding Activations . | . . . . Robots Disrupted . | . . . . Combat Hostiles . | . . . . Robots Corrupted . | . . . . Combat Hostiles . | . . . . Parts Fried . | . . . . Impact Corruptions 3 | . . . 3 Robots Melted . | . . . . Combat Hostiles . | . . . . Parts Melted 1 | . . 1 . Heat Transferred . | . . . . Parts Sabotaged . | . . . . Parts Stolen . | . . . . Parts Stripped . | . . . . Power Chain Reactions . | . . . . Alert | -11 -10 -10 -9 ------- Run | Yrd Mat Sub Scr Maximum Alert Level . | . . . . Low Security (%) 100 | 100 100 . . Level 1 . | . . . . Level 2 . | . . . . Level 3 . | . . . . Level 4 . | . . . . Level 5 . | . . . . High Security . | . . . . Max Security . | . . . . Peak Influence 105 | 5 105 . . Initial . | . . . . Average 18 | . 25 . . Influence Increases 195 | 10 185 . . Destroy 0b10 Robot/C 140 | . 140 . . Destroy 0b10 Robot/NC 10 | 10 . . . Destroy Leader 30 | . 30 . . Lose Combat Pursuer 15 | . 15 . . Influence Decreases 195 | 10 80 105 . Entered New Map 51 | . . 51 . Time Decay 144 | 10 80 54 . Squads Dispatched 1 | . 1 . . Investigation 1 | . 1 . . Extermination . | . . . . Reinforcement . | . . . . Assault . | . . . . Garrison . | . . . . Intercept . | . . . . Searches Triggered . | . . . . Construction Impeded . | . . . . Haulers Reinforced . | . . . . Active Scanning Responses . | . . . . Cargo Convoy Interrupts . | . . . . Stealth | -11 -10 -10 -9 --------- Run | Yrd Mat Sub Scr Distress Signals 2 | . 2 . . Communications Jammed . | . . . . Distress Signals . | . . . . Times Spotted 29 | . 11 5 13 Peak Tracking Total 12 | . 4 2 12 Tactical Retreats 3 | . 1 . 2 Traps | -11 -10 -10 -9 ------- Run | Yrd Mat Sub Scr Traps Triggered 2 | . 2 . . Indirectly . | . . . . Trap Hack Attempts . | . . . . Triggered . | . . . . Disarmed . | . . . . Reprogrammed . | . . . . Reused . | . . . . Traps Extracted . | . . . . Installed . | . . . . Triggered . | . . . . Most Traps Carried 1 | . . 1 1 Machines | -11 -10 -10 -9 ---------- Run | Yrd Mat Sub Scr Machines Disabled . | . . . . Max in Single Turn . | . . . . Machines Repaired . | . . . . Machines Dismantled . | . . . . Machines Sabotaged . | . . . . Overloaded Fab Kills . | . . . . Hacking | -11 -10 -10 -9 --------- Run | Yrd Mat Sub Scr Machines Accessed 9 | . 1 . 8 Terminals . | . . . . Fabricators . | . . . . Repair Stations . | . . . . Recycling Units 1 | . 1 . . Scanalyzers . | . . . . Garrison Access . | . . . . Total Hacks 59 | . 3 . 56 Successful 59 | . 3 . 56 Failed . | . . . . Catastrophic . | . . . . Database Lockouts . | . . . . Manual 1 | . 1 . . Terminals . | . . . . Fabricators . | . . . . Repair Stations . | . . . . Recycling Units 3 | . 3 . . Scanalyzers . | . . . . Garrison Access . | . . . . Terminal Hacks 56 | . . . 56 Record 56 | . . . 56 Fabricator Hacks . | . . . . Repair Station Hacks . | . . . . Recycling Unit Hacks 2 | . 2 . . Report Inventory 1 | . 1 . . Retrieve Components 1 | . 1 . . Scanalyzer . | . . . . Garrison Access Hacks . | . . . . Unauthorized Hacks 1 | . 1 . . Terminals . | . . . . Fabricators . | . . . . Repair Stations . | . . . . Recycling Units 1 | . 1 . . Reject 1 | . 1 . . Scanalyzers . | . . . . Garrison Access . | . . . . Data Cores Recovered . | . . . . Used . | . . . . Hacking Detections . | . . . . Full Trace Events . | . . . . Feedback Events . | . . . . Feedback Blocked . | . . . . Robot Schematics Acquired . | . . . . Robots Built . | . . . . Authchips . | . . . . Time . | . . . . Total Robot Build Rating . | . . . . Part Schematics Acquired . | . . . . Parts Built . | . . . . Authchips . | . . . . Time . | . . . . Total Part Build Rating . | . . . . Part Studies Acquired . | . . . . Parts Repaired . | . . . . Time . | . . . . Parts Recycled . | . . . . Recycled Matter . | . . . . Retrieved Matter . | . . . . Retrieved Components 3 | . 3 . . Parts Scanalyzed . | . . . . Part Schematics Acquired . | . . . . Parts Damaged . | . . . . Bothacking | -11 -10 -10 -9 ------------ Run | Yrd Mat Sub Scr Used RIF Installer . | . . . . Robots Hacked . | . . . . Non-combat . | . . . . Combat . | . . . . Robot Hacks Applied . | . . . . Relay Couplers Released . | . . . . Fabnet Peak Effective % . | . . . . Robots Rewired . | . . . . Allies Hacked . | . . . . Hacks Repelled . | . . . . Allies | -11 -10 -10 -9 -------- Run | Yrd Mat Sub Scr Total Allies . | . . . . Largest Group . | . . . . Highest-Rated Group . | . . . . Highest-Rated Ally . | . . . . Total Orders . | . . . . Ally Attacks . | . . . . Total Damage . | . . . . Kills . | . . . . Allies Corrupted . | . . . . Allies Melted 2 | . . . 2 Intel | -11 -10 -10 -9 ------- Run | Yrd Mat Sub Scr Active Infowar (turns) . | . . . . Robot Analysis Total . | . . . . Derelict Logs Recovered 2 | . . . 2 Drone Launches . | . . . . Drone Recoveries . | . . . . Exploration | -11 -10 -10 -9 ------------- Run | Yrd Mat Sub Scr Turns Passed 6035 | 133 374 1178 4350 Spaces Moved 3852 | 81 249 774 2748 Core 5 | 5 . . . Treads 2280 | . . . 2280 Legs 1122 | 76 249 774 23 Wheels . | . . . . Hover 445 | . . . 445 Flight . | . . . . Fastest Speed 50 | 50 120 120 60 Average Speed 136 | 115 120 120 142 Slowest Speed 180 | 120 120 120 180 Overloaded Moves . | . . . . Propulsion Burnouts . | . . . . Robots Hopped . | . . . . Potential Cave-ins . | . . . . Cave-ins Triggered . | . . . . Exploration Rate (%) 45 | 4 55 33 91 Regions Visited 3 Branch Regions 2 Pre-discovered Areas 2 | . . 1 1 Known Exits Taken 2 | . 1 1 . Unknown Exits Taken 1 | 1 . . . Scrap Searched 13 | . . 6 7 Spaces Dug 5 | . . 5 . Terrain Destroyed 34 | . . 34 . Melee . | . . . . Projectile . | . . . . AOE 34 | . . 34 . Terrain Rammed . | . . . . Walls Destroyed . | . . . . Machines Disabled . | . . . . Actions | -11 -10 -10 -9 --------- Run | Yrd Mat Sub Scr Total 4503 | 104 292 922 3185 Wait 415 | . 20 86 309 Move 3849 | 80 248 773 2748 Hop . | . . . . Pick Up 73 | 9 5 8 51 Fast Attach . | . . . . Attach 22 | 6 1 3 12 Detach 3 | . . . 3 Swap 15 | . . 4 11 Drop 48 | . . 4 44 Fire 71 | 9 18 44 . Melee 7 | . . . 7 Ram . | . . . . Kick . | . . . . Crush . | . . . . Escape Stasis . | . . . . Rewire . | . . . . Trap . | . . . . Miscellaneous . | . . . . Route ------- -11/Scrapyard -10/Materials -10/Subcaves -9/Scraptown (discovered 1 exit: *Fac) History --------- Turn | Location | Event 3 | -11/Scrapyard | Discovered new exit (range 16) 134 | -11/Scrapyard | Entered Materials 306 | -10/Materials | Build established: Mutant 501 | -10/Materials | Discovered new exit (range 7) 507 | -10/Materials | Identified exit to Subcaves 508 | -10/Materials | Entered Subcaves 509 | -10/Subcaves | Approached by a straggling Scientist 1278 | -10/Subcaves | Core integrity fell below 50% 1304 | -10/Subcaves | Lost 3 parts (2p1w) 1320 | -10/Subcaves | Learned location of Zion (-6) 1320 | -10/Subcaves | Met a Zionite searching for "candidates" 1685 | -10/Subcaves | Identified exit to Scraptown 1686 | -10/Subcaves | Entered Scraptown 1783 | -9/Scraptown | Visited Shadow of the Wyrm 1797 | -9/Scraptown | Visited Cave Peace 1824 | -9/Scraptown | Visited UFD Registry 1824 | -9/Scraptown | Registered with UFD as "Gausssplitter" 1835 | -9/Scraptown | Visited SPCMW 1851 | -9/Scraptown | Visited The Evicted 1868 | -9/Scraptown | Visited TADAMA 1904 | -9/Scraptown | Scanned Subdweller tech in exchange for log data 1906 | -9/Scraptown | Learned location of Testing (-3) 1907 | -9/Scraptown | Learned Research security intel 1915 | -9/Scraptown | Heard Great Nut preacher, LISTEN AND RECITE! 2567 | -9/Scraptown | Visited Spacefarers 2639 | -9/Scraptown | Visited Cyclists 2660 | -9/Scraptown | Entered Cyclist Reading Room 2734 | -9/Scraptown | Discovered new exit (range 5) 2758 | -9/Scraptown | Identified exit to Factory 3343 | -9/Scraptown | Guru changed UFD alias to "Softmachine" 3550 | -9/Scraptown | Visited Modified Component R&D 3661 | -9/Scraptown | Visited LU-1G1's Boring Crew 3750 | -9/Scraptown | Visited Scrap Suit Storage 3768 | -9/Scraptown | Found Scrap Suit 4017 | -9/Scraptown | Visited Abandonware Association 4063 | -9/Scraptown | Learned abandonware demo "ERRANTS.EXE" 4073 | -9/Scraptown | Build established: Scrapper 4105 | -9/Scraptown | Visited Junk Repository 4107 | -9/Scraptown | Received an X-ray algorithm 4161 | -9/Scraptown | Visited Derelict Rescue Squad 4185 | -9/Scraptown | Found DRS Beacon 4218 | -9/Scraptown | Visited Research Penetration Think Tank 4251 | -9/Scraptown | Visited DA-N13 Charitable Foundation 4264 | -9/Scraptown | Found DCF Scrap (30 items) 5237 | -9/Scraptown | Build established: Mutant 5287 | -9/Scraptown | Found Scrap Suit 5558 | -9/Scraptown | Met Optimus 5558 | -9/Scraptown | Accepted into 0bPrime 5958 | -9/Scraptown | Civil war broke out across Scraptown 6013 | -9/Scraptown | Optimus destroyed in the chaos of civil war 6020 | -9/Scraptown | Core integrity fell below 20% 6036 | -9/Scraptown | Destroyed by Q1-DQ4(g) with Salvaging Laser Last Messages --------------- 06001_ Slug penetrates WN-F30(p). 06013_ K8-D7F(r): "I knew Optimus was a traitor." 06013_ ANNOUNCEMENT: The traitor Optimus has been dealt with. Put down any remaining collaborators. 06016_ Critical hit (Burn: +50). 06016_ Destroyed EM Pulse Gun. 06016_ XC-KJS(p) system corrupted by crushing effect. 06017_ Critical hit (Burn: +50). 06019_ XC-KJS(p) IFF system glitched. 06024_ Destroyed Mak. Salvage Targeting Computer. 06024_ RT-45C(j) system corrupted by crushing effect. 06029_ Destroyed Imp. Heat Sink. 06029_ Q1-DQ4(g) system corrupted by crushing effect. 06029_ Q1-DQ4(g) knocked back. Map ----- +----------------------------------------------------+ | "" # #???#"""" ""###### ########### | | #???#"""" ""# ##???? | | " # #???#"""" ""# X"#???? | | # ###?#"""" ""# "" "" ##???? | | # ""#"#"""" ""# "" "" X"#???? | | # """"#"""" ""# " " ###### | | "# ""#######" "" "" | | """"# ###?????#!!! "" "" | | ##### #########"/% ""# " " ###### | | ????# [% ""# "" "" ""#???? | | ????# = ""# "" "" ##???? | | ????# "# X"#???? | | ????# "# ##???? | | ##### =%[ ""###### ########### | | ! """"""""""""""""""""" | | ! """""""""""""""""""" | | [%[ | | != | | | | #""""#" * | | #????#" [%! | | #????#""" """"" ="""" | | ####### ### ####????####### ########### ######## | | # #?# #?????????#pj #???# #?? | | # #?# #?????????#r# # #???## ! ##?# | | # " #?# #?????????#@# # #???#" !"#?# | | # """ #?# #?????????# # # #???#" !"#?# | | # """"" #?# #?????????#g####### #???#"! !"#?# | | # ""X"" #?# #?????????# #???#"! !"#?# | | # "" "" #?# #?????????# # """ # #???#" !"#?? | | # #?# #?????????# # "#" # #???####X ##?? | | #########?# #?????????# # """ # #??????#" "#?? | | ??????????# #?????????# # # #??????" "#?? | | ??????????# #?????????###########??????#######?? | | ########### #??????????????????????????????????? | | """"""""""" #??????############################# | | """"" """"" #?????? ##"""##"""##"""##"""# | | """" " "" #???????"""""" ## ""##|""##" "##"""# | | #???????"""""" | | "" "" "" " #???????"""""" | | """"""""""" #???????"""""" | | """"""""""" #???????"""""" ##"""##"""##"" ##" "# | | ?########## #?????? ##"""##"""##"""##"""# | | ########### #??????############################# | | """"""""""# #??????????????????????????????????? | | " ]! "# #??????????????????????????????????? | | " *= "# #??????????????????????????????????? | | "[ "# #??????????????????????????????????? | | "" """""""# #??????????????????????????????????? | | #??????????????????????????????????? | +----------------------------------------------------+ Best States ------------- Heat Dissipation 25 Energy Generation 18 Energy Capacity 310 Matter Stores 300 Matter Capacity 300 Sight Range 16 Terrain Scan Density 10 Additional Mass Support 6 Evasion (%) 55 Recoil Reduction 2 Item Schematics ----------------- None Robot Schematics ------------------ None Fabricated ------------ Nothing Repaired ---------- Nothing Studied --------- None Alien Tech Used ----------------- None Achievements -------------- Longdome?! Challenges ------------ None Game ------ Seed ForceAmuletChainsword Manual? 0 Play Time 00:42:33 Cumulative 26.5 hours Start 2026.02.20 @ 11:03:20 End 2026.02.20 @ 12:26:11 Sessions 1 Manual Loads 0 Difficulty Rogue Special Mode None Game No. 31 Rogue 31 Adventurer 0 Explorer 0 Win Type - Total 0 Types 0/0/0/0/0/0/0/0/0/0 Lore% 34 Gallery% 28 Achievement% 22 Wizard Run 0 Options --------- Layout 1 ASCII 0 Keyboard 0 Movement Mouse Keybinds 0 Fullscreen 1 Font 24/Swanston Map View 50x35 Zoom Use 0% Tactical HUD 1 Map Filters NONE Filters NONE Steam 1 RUN: 2dbde17f-aeb9-402b-89b5-fe68cf299e07